 Dungeon Crawl Stone Soup version 0.20.1-1-g8b1a95d66d (webtiles) character file.

3077 Jynx the Arsonist (level 9, -2/62 HPs)
             Began as a Red Draconian Fire Elementalist on Dec 20, 2017.
             Was an Initiate of Vehumet.
             Slain by an orc
             ... wielding a +0 mace
              (3 damage)
             ... on level 8 of the Dungeon.
             The game lasted 00:22:34 (8215 turns).

Jynx the Arsonist (Red Draconian Fire Elementalist) Turns: 8215, Time: 00:22:35

Health: -2/62      AC: 15    Str: 11    XL:     9   Next: 58%
Magic:  12/17      EV: 12    Int: 17    God:    Vehumet [......]
Gold:   324        SH:  0    Dex: 13    Spells: 6/19 levels left

rFire    + + .     SeeInvis .   k - +2 dagger (freeze)
rCold    . . .     Gourm    +   (no shield)
rNeg     . . .     Faith    .   (armour unavailable)
rPois    .         Spirit   .   (helmet restricted)
rElec    .         Reflect  .   E - +0 cloak
rCorr    .         Harm     .   w - +0 pair of gloves
MR       .....                  e - +2 pair of boots
Stlth    ++........             f - amulet of the gourmand (curse)
Regen    0.2/turn               d - ring of protection from fire
MPRegen  0.2/turn               p - +3 ring of protection

@: no status effects
A: breathe fire, unfitting armour, fire resistance 1, cold-blooded, AC +7
a: Breathe Fire, Renounce Religion


You were on level 8 of the Dungeon.
You worshipped Vehumet.
Vehumet was noncommittal.
You were not hungry.

You visited 2 branches of the dungeon, and saw 9 of its levels.

You collected 324 gold pieces.

Inventory:

Hand Weapons
 k - a +2 dagger of freezing (weapon)
Armour
 e - a +2 pair of boots (worn)
 w - a +0 pair of gloves (worn)
 E - a +0 cloak (worn)
Magical Staves
 x - an uncursed staff of wizardry
Jewellery
 d - a ring of protection from fire (left hand)
 f - a cursed amulet of the gourmand (around neck)
 l - an uncursed amulet of harm
 m - an uncursed amulet of faith
 p - a +3 ring of protection (right hand)
 H - an uncursed ring of flight {unknown}
Wands
 y - a wand of lightning (1/15)
Scrolls
 o - 2 scrolls of amnesia
 s - 3 scrolls of enchant weapon
 t - 4 scrolls of teleportation
 z - 4 scrolls of magic mapping
 A - 4 scrolls of remove curse
 B - a scroll of fear
 I - a scroll of recharging {unknown}
 J - a scroll of summoning {unknown}
 K - a scroll of noise {unknown}
 L - a scroll of vulnerability {unknown}
 M - a scroll of enchant armour {unknown}
Potions
 g - 5 potions of heal wounds
 h - 4 potions of flight {unknown}
 i - a potion of curing {unknown}
 j - a potion of haste {unknown}
 q - a potion of mutation {unknown}
 r - 2 potions of agility {unknown}
 u - a potion of resistance {unknown}
 v - 2 potions of lignification {unknown}
 C - a potion of ambrosia {unknown}
 F - a potion of cancellation {unknown}
Books
 a - a book of Flames

   Spells                             Type                      Level
   a - Flame Tongue                   Conjuration/Fire             1
   b - Throw Flame                    Conjuration/Fire             2
   c - Conjure Flame                  Conjuration/Fire             3
   d - Inner Flame                    Hexes/Fire                   3
   e - Sticky Flame                   Conjuration/Fire             4
   f - Fireball                       Conjuration/Fire             5
 D - a book of Geomancy

   Spells                             Type                      Level
   a - Sandblast                      Earth                        1
   b - Passwall                       Transmutation/Earth          2
   c - Stone Arrow                    Conjuration/Earth            3
   d - Petrify                        Transmutation/Earth          4
   e - Lee's Rapid Deconstruction     Earth                        5
 G - a book of Misfortune

   Spells                             Type                      Level
   a - Confusing Touch                Hexes                        1
   b - Confuse                        Hexes                        3
   c - Gell's Gravitas                Translocation                3
   d - Petrify                        Transmutation/Earth          4
   e - Metabolic Englaciation         Hexes/Ice                    5
   f - Yara's Violent Unravelling     Hexes/Transmutation          5
Comestibles
 b - 7 bread rations
 c - 3 meat rations
 n - 3 royal jellies


   Skills:
 + Level 5.7 Short Blades
 - Level 1.7 Dodging
 - Level 1.7 Stealth
 + Level 5.8 Spellcasting
 + Level 6.0 Conjurations
 * Level 10.8 Fire Magic


You had 6 spell levels left.
You knew the following spells:

 Your Spells              Type           Power        Failure   Level  Hunger
a - Flame Tongue          Conj/Fire      ####.        1%          1    None
b - Conjure Flame         Conj/Fire      ####....     1%          3    ##.....
c - Sticky Flame          Conj/Fire      ####....     4%          4    ####...
d - Fireball              Conj/Fire      ####......   11%         5    ######.


Dungeon Overview and Level Annotations

Branches:
Dungeon (8/15)             Temple (1/1) D:6
   Lair: D:8-11

Altars:
Ashenzari
Cheibriados
Dithmenos
Elyvilon
Fedhas
Gozag
Hepliaklqana
Kikubaaqudgha
Makhleb
Nemelex Xobeh
Okawaru
Qazlal
Ru
Sif Muna
Trog
Uskayaw
Vehumet
Xom
Yredelemnul
Zin
The Shining One

Shops:
D:7 *

Annotations:
D:8 Libelnon's ghost, novice DgWz


Innate Abilities, Weirdness & Mutations

You can breathe blasts of fire.
Your fiery red scales are hard. (AC +7)
You cannot fit into any form of body armour.
Your flesh is heat resistant. (rF+)
You are cold-blooded and may be slowed by cold attacks.


Message History

Libelnon's ghost is moderately damaged.
Casting: Flame Tongue
Confirm with . or Enter, or press ? or * to list all spells.
Aiming: Flame Tongue
Press: ? - help, Shift-Dir - straight line, f/p - Libelnon's ghost
Aim: Libelnon's ghost, wielding a weapon of electrocution (moderately damaged)
The flame tongue hits Libelnon's ghost.
Libelnon's ghost is moderately damaged.
Libelnon's ghost hits you but does no damage.
You are electrocuted!
* * * LOW HITPOINT WARNING * * *
Casting: Flame Tongue
Confirm with . or Enter, or press ? or * to list all spells.
Aiming: Flame Tongue
Press: ? - help, Shift-Dir - straight line, f/p - Libelnon's ghost
Aim: Libelnon's ghost, wielding a weapon of electrocution (moderately damaged)
The flame tongue misses Libelnon's ghost.
Libelnon's ghost hits you but does no damage.
The orc hits you with a mace.
You die...

##..## #..#
##..## #..#
##..## ##..##
#5.## #....#
..##
##....####
.##
##........#
##
##.........##
#......Wo...#
#....<.@...##
#########...#
##.# .# #


You could see Libelnon's ghost and an orc.

Vanquished Creatures
  A komodo dragon (D:5)
  A hippogriff (D:7)
  A hungry ghost (D:7)
  Duvessa (D:4)
  A water moccasin (D:8)
  2 phantoms
  A sky beast (D:6)
  An ogre (D:4)
  An ice beast (D:5)
  A centaur (D:5)
  4 bullfrogs
  Dowan (D:4)
  2 scorpions
  5 wights (D:6)
  A howler monkey (D:7)
  2 crimson imps (D:5)
  A bullfrog zombie (D:6)
  A centaur zombie (D:6)
  A quasit (D:6)
  A centaur skeleton (D:7)
  3 orc priests
  Crazy Yiuf (D:5)
  2 hounds
  2 jellies
  8 orc wizards
  A bullfrog skeleton (D:5)
  8 worker ants
  A hound zombie (D:6)
  A worker ant zombie (D:5)
  Robin (D:3)
  4 adders
  A howler monkey skeleton (D:4)
  A shadow imp (D:7)
  3 worms
  2 dart slugs
  2 leopard geckos
  23 orcs
  A ball python (D:4)
  13 bats
  5 giant cockroaches
  12 goblins
  7 hobgoblins
  26 jackals
  10 quokkas
  7 frilled lizards
  A giant cockroach zombie (D:6)
  A goblin zombie (D:2)
  A jackal skeleton (D:7)
  8 kobolds
  4 leopard gecko skeletons
  2 leopard gecko zombies
  A quokka skeleton (D:7)
  3 rats
196 creatures vanquished.

Vanquished Creatures (others)
  A quokka (D:8)
1 creature vanquished.

Grand Total: 197 creatures vanquished

Notes
Turn   | Place    | Note
-------+----------+-------------------------------------------
     0 | D:1      | Jynx the Draconian Fire Elementalist began the quest for the Orb.
     0 | D:1      | Reached XP level 1. HP: 14/14 MP: 3/3
    98 | D:1      | Reached XP level 2. HP: 11/20 MP: 0/5
   700 | D:1      | Reached XP level 3. HP: 26/26 MP: 3/6
  1160 | D:1      | Learned a level 3 spell: Conjure Flame
  1439 | D:2      | Found a runed door.
  1439 | D:2      | Noticed a human
  1444 | D:2      | Found a basalt altar of Yredelemnul.
  1575 | D:2      | Reached skill level 4 in Fire Magic
  1575 | D:2      | Reached XP level 4. HP: 33/33 MP: 4/7
  2363 | D:3      | Noticed Robin
  2370 | D:3      | Reached skill level 1 in Short Blades
  2380 | D:3      | Killed Robin
  2380 | D:3      | Reached XP level 5. HP: 38/38 MP: 9/9
  2456 | D:3      | Learned a level 4 spell: Sticky Flame
  2734 | D:4      | Noticed Duvessa
  2734 | D:4      | Noticed Dowan
  2959 | D:4      | Killed Duvessa
  2959 | D:4      | Reached XP level 6. HP: 45/45 MP: 0/10
  3045 | D:4      | Killed Dowan
  3045 | D:4      | Reached skill level 5 in Fire Magic
  3394 | D:4      | Your scales start taking on a fiery red colour.
  3394 | D:4      | Reached skill level 6 in Fire Magic
  3394 | D:4      | Reached XP level 7. HP: 31/50 MP: 7/12
  3394 | D:4      | Gained mutation: Your flesh is heat resistant. (rF+) [Red Draconian growth]
  3835 | D:4      | Found an iron altar of Okawaru.
  3856 | D:4      | Reached skill level 7 in Fire Magic
  3928 | D:4      | Learned a level 5 spell: Fireball
  3971 | D:5      | Entered Level 5 of the Dungeon
  4560 | D:5      | Reached skill level 8 in Fire Magic
  4560 | D:5      | Reached XP level 8. HP: 26/57 MP: 5/14
  4895 | D:5      | Noticed a komodo dragon
  4911 | D:5      | Killed a komodo dragon
  5023 | D:5      | Found a runed door.
  5373 | D:5      | Noticed Crazy Yiuf
  5378 | D:5      | Killed Crazy Yiuf
  5378 | D:5      | Reached skill level 9 in Fire Magic
  5469 | D:6      | Reached skill level 5 in Conjurations
  5603 | D:6      | Reached skill level 5 in Spellcasting
  5611 | D:6      | Found an iron altar of Okawaru.
  5869 | D:6      | Reached XP level 9. HP: 50/62 MP: 16/16
  6009 | D:6      | Reached skill level 5 in Short Blades
  6030 | D:6      | Found an opulent altar of Gozag.
  6144 | D:6      | Found a staircase to the Ecumenical Temple.
  6149 | Temple   | Entered the Ecumenical Temple
  6443 | Temple   | Became a worshipper of Vehumet
  6590 | D:7      | Found a deep blue altar of Sif Muna.
  6613 | D:7      | Reached skill level 10 in Fire Magic
  6839 | D:7      | Found Eplethay's Island Escapes.
  7467 | D:7      | Found a hazy altar of Hepliaklqana.
  7608 | D:7      | Found a shimmering altar of Xom.
  7608 | D:7      | Found a white marble altar of Elyvilon.
  8127 | D:8      | Noticed Libelnon's ghost (novice DgWz)
  8214 | D:8      | HP: 1/62 [Libelnon's ghost (13)]
  8215 | D:8      | Slain by an orc

Skill      XL: |  1  2  3  4  5  6  7  8  9 |
---------------+----------------------------+-----
Conjurations   | 2 3 4 5 6 |  6.0
Fire Magic     | 4 6 8 9 10 | 10.8
Short Blades   | 1 2 3 4 5 |  5.7
Spellcasting   | 3 4 5 |  5.8
Dodging        | |  1.7
Stealth        | |  1.7

Action                   |  1- 3 |  4- 6 |  7- 9 || total
-------------------------+-------+-------+-------++-------
Melee: Unarmed           |    79 |       |       ||    79
       Tailslap          |     3 |    19 |    27 ||    49
       Dagger            |    18 |   165 |   338 ||   521
 Cast: Flame Tongue      |    67 |    48 |   165 ||   280
       Sticky Flame      |       |     4 |     5 ||     9
       Conjure Flame     |       |     1 |     6 ||     7
  Use: Scroll            |     4 |     6 |     3 ||    13
       Potion            |       |       |     1 ||     1
 Stab: Sleeping          |     1 |     1 |     1 ||     3
       Confused          |       |       |     1 ||     1
  Eat: Chunk             |     2 |    12 |    17 ||    31
Armor: Skin              |    64 |    74 |   209 ||   347
Dodge: Dodged            |    99 |   108 |   293 ||   500
